 Dungeon Crawl Stone Soup version 0.22.1-1-ga44c0e5 (webtiles) character file.

28 inc the Scratcher (level 3, 17/17 HPs)
             Began as a Felid Fighter on Oct 27, 2018.
             Quit the game on level 2 of the Dungeon.
             The game lasted 00:02:24 (2100 turns).

inc the Scratcher (Felid Fighter)                   Turns: 2100, Time: 00:02:25

Health: 17/17      AC:  1    Str: 13    XL:     3   Next: 0%
Magic:  4/4        EV: 19    Int:  9    God:
Gold:   116        SH:  0    Dex: 15    Spells: 2/2 levels left
                                        Lives:  0   Deaths: 1

rFire    . . .     SeeInvis +     - Unarmed
rCold    . . .     Gourm    .   (shield unavailable)
rNeg     . . .     Faith    .   (armour unavailable)
rPois    .         Spirit   .   (helmet unavailable)
rElec    .         Reflect  .   (cloak unavailable)
rCorr    .         Harm     .   (gloves unavailable)
MR       .....                  (boots unavailable)
Stlth    ++........             (no amulet)
HPRegen  0.05/turn              (no ring)
MPRegen  0.09/turn              (no ring)

@: quick
A: very small, no armour, no weapons or thrown items, stealth, claws 1, fangs 3,
see invisible, carnivore, speed 1, shaggy fur 1, slow metabolism 1, sharp paws
a: no special abilities


You were on level 2 of the Dungeon.
You were not hungry.

You visited 1 branch of the dungeon, and saw 3 of its levels.

You collected 116 gold pieces.

Inventory:

Scrolls
 c - 2 scrolls of teleportation {unknown}
 e - 3 scrolls of identify {unknown}
 f - a scroll of blinking {unknown}
 g - 2 scrolls of enchant weapon {unknown}
Potions
 a - a potion of might
Comestibles
 b - 4 rations


   Skills:
 - Level 3.0 Fighting
 - Level 4.0 Dodging
 + Level 5.6 Unarmed Combat


You had 2 spell levels left.
You didn't know any spells.
Your spell library was empty.

Dungeon Overview and Level Annotations

Branches:
Dungeon (3/15)

Altars:
Ashenzari


Innate Abilities, Weirdness & Mutations

You cannot wear armour.
You are incapable of wielding weapons or throwing items.
Your paws allow you to move quietly. (Stealth)
You have sharp claws.
You have razor-sharp teeth.
You have supernaturally acute eyesight. (SInv)
You are carnivorous and can eat meat at any time.
You cover ground quickly.
You are covered in fur. (AC +1)
You have a slow metabolism.
Your sharp claws are effective at attacking unaware monsters.


Message History

The adder misses you.
You scratch the adder.
The adder is moderately wounded.
The adder barely misses you. x2
You miss the adder. You bite the adder.
The adder is heavily wounded.
The adder completely misses you.
You closely miss the adder. You bite the adder.
The adder is almost dead.
The adder bites you.
* * * LOW HITPOINT WARNING * * *
You are lethally poisoned!
The adder poisons you!
You closely miss the adder.
The adder is almost dead.
You die...
You feel sick. The adder closely misses you.
You are now level 3!
You rejoin the land of the living...
Are you sure you want to abandon this character and quit the game? (Confirm

..# #.#..##.......###.#....# ..#
#.#...#.).........#..#.#
########.#...'..._...+......#.##
.............#÷......#...#..#..##
......(..#####.......##..#.......
.......(.(..#..........[...###.##
............#⌠.##'##.⌠#..#.###..#
............####...####.##....#.#
.<.............#@.......#####.#.#
....÷....>.....#...#..###........
............#..##+#..####.###.#..
..).........#........##<....#.#..
............#........####.#.#.#..
............########.####.#...#..
............# #.........##..
............# ######....##.#
............# #####....##..


There were no monsters in sight!

Vanquished Creatures
  An adder (D:2)
  A worm (D:2)
  A dart slug (D:2)
  2 leopard geckos
  4 giant cockroaches
  11 goblins
  3 hobgoblins
  5 jackals
  4 ball pythons
  7 bats
  5 frilled lizards
  3 kobolds
  4 rats (D:1)
51 creatures vanquished.

Notes
Turn   | Place    | Note
-------+----------+-------------------------------------------
     0 | D:1      | inc the Felid Fighter began the quest for the Orb.
     0 | D:1      | Reached XP level 1. HP: 10/10 MP: 2/2
   105 | D:1      | Reached XP level 2. HP: 11/14 MP: 3/3
   859 | D:2      | Reached skill level 5 in Unarmed Combat
   859 | D:2      | Reached XP level 3. HP: 17/17 MP: 4/4
  1376 | D:2      | Found a shattered altar of Ashenzari.
  1817 | D:2      | Found a faded altar of an unknown god.
  2095 | D:2      | Reached XP level 4. HP: 2/21 MP: 5/5
  2098 | D:2      | HP: 1/21 [adder (1)]
  2099 | D:2      | Succumbed to an adder's poison
  2100 | D:2      | Reached XP level 3. HP: 0/17 MP: 4/4
  2100 | D:2      | Quit the game

Skill      XL: |  1  2 |
---------------+-------+-----
Unarmed Combat | 5 |  5.6
Fighting       | |  3.0
Dodging        | |  4.0

Action                   |  1- 3 |  4- 6 || total
-------------------------+-------+-------++-------
Melee: Unarmed           |   124 |     4 ||   128
       Bite              |    12 |     2 ||    14
       Punch             |     2 |       ||     2
  Use: Potion            |     1 |       ||     1
 Stab: Sleeping          |     3 |       ||     3
  Eat: Chunk             |     1 |       ||     1
Armor: Skin              |     4 |       ||     4
Dodge: Dodged            |   119 |     5 ||   124
